 Dungeon Crawl Stone Soup version 0.29-a0-821-g66395355a5 (webtiles) character file.

Game seed: 14053262528814129088

65 xian the Covered (level 3, 0/29 HPs)
             Began as a Demonspawn Fighter on July 7, 2022.
             Slain by an orc
             ... wielding a +0 hand axe
              (4 damage)
             ... on level 3 of the Dungeon.
             The game lasted 00:05:07 (2276 turns).

xian the Covered (Demonspawn Fighter)               Turns: 2276, Time: 00:05:08

Health: 0/29       AC: 11    Str: 18    XL:     3   Next: 94%
Magic:  3/3        EV:  9    Int:  9    God:
Gold:   38         SH:  5    Dex: 18    Spells: 2/2 levels left

rFire   . . .      SeeInvis .   a - +0 long sword
rCold   . . .      Faith    .   c - +0 buckler
rNeg    . . .      Spirit   .   b - +0 scale mail
rPois   .          Reflect  .   q - +2 helmet
rElec   .          Harm     .   f - +0 cloak
rCorr   .          Rampage  .   (no gloves)
Will    .....                   (no boots)
Stlth   ..........              (no amulet)
HPRegen 0.09/turn               g - +6 ring of dexterity
MPRegen 0.08/turn               (no ring)

@: mighty
A: claws 1
a: no special abilities


You were on level 3 of the Dungeon.
You visited 1 branch of the dungeon, and saw 3 of its levels.

You collected 38 gold pieces.

Inventory:

Hand Weapons
 a - a +0 long sword (weapon)
 m - a +2 sling of freezing
Missiles
 r - a throwing net
Armour
 b - a +0 scale mail (worn)
 c - a +0 buckler (worn)
 f - a +0 cloak (worn)
 q - a +2 helmet (worn)
Jewellery
 g - a +6 ring of dexterity (left claw)
Scrolls
 h - a scroll of blinking {unknown}
 i - a scroll of fog {unknown}
 j - a scroll of poison {unknown}
 n - a scroll of identify {unknown}
 p - a scroll of torment {unknown}
 s - a scroll of silence {unknown}
 t - a scroll of teleportation {unknown}
 u - a scroll of immolation {unknown}
Potions
 e - a potion of ambrosia {unknown}
 k - 2 potions of heal wounds {unknown}
 l - a potion of invisibility {unknown}
 o - a potion of curing {unknown}


   Skills:
 + Level 3.2 Fighting
 + Level 2.5 Long Blades
 + Level 3.2 Armour
 + Level 0.5 Dodging
 + Level 0.1 Stealth
 + Level 3.1 Shields


You had 2 spell levels left.
You didn't know any spells.
Your spell library contained the following spells:

 Spells                   Type           Power      Damage    Failure   Level
 Sublimation of Blood     Necr           0%         N/A       94%         2
 Wereblood                Tmut           0%         N/A       94%         2
 Summon Hydra             Summ           0%         N/A       100%        7


Dungeon Overview and Level Annotations

Branches:
Dungeon (3/15)

Altars:


Innate Abilities, Weirdness & Mutations

You have sharp fingernails.


Message History

There is a stone staircase leading down here.
u - a scroll labelled UXURIY QI DAT HP restored.
Found a whip and a dagger.
You see here a +0 whip.
You see here a +0 dagger.
An endoplasm comes into view.
The endoplasm quivers.
The endoplasm hits you but does no damage.
There is a stone staircase leading up here.
You hit the endoplasm but do no damage. The endoplasm freezes you.
You are frozen.
You slash the endoplasm!
You kill the endoplasm!
Found a stone staircase leading up.
The orc throws a stone.
You block the stone.
The orc drinks a potion.
The orc goes berserk!
Found 4 stones.
The orc closely misses you. x2
You barely miss the orc. The orc hits you but does no damage. x2
You barely miss the orc. You block the orc's attack.
The orc hits you with a +0 hand axe.
You closely miss the orc. The orc hits you with a +0 hand axe. x2
You barely miss the orc. The orc closely misses you.
You block the orc's attack.
You hit the orc but do no damage. The orc barely misses you.
The orc hits you but does no damage.
You closely miss the orc. The orc barely misses you.
The orc hits you with a +0 hand axe!
You hit the orc but do no damage. The orc hits you with a +0 hand axe.
* * * LOW HITPOINT WARNING * * *
A ball python comes into view.
The orc hits you but does no damage.
The ball python hisses angrily.
You hit the orc.
The orc is lightly wounded.
The orc barely misses you. The orc completely misses you.
You feel very mighty all of a sudden. The orc hits you with a +0 hand axe.
You die...

##### ##...##
##.###.## #.##
##.########## #@#
#.......##.. #(.o#
#...###.##.#
#..... #..#.#
#.##.#
..S.#.......#.#
#.#<..
###<##..###..#.#
#..... #. #..#
#..#.# #.#... #
#..# ............#
#..#.#.##.###.##.#
#.# #.##.#


You could see an orc (berserk) and a ball python.

Vanquished Creatures
  A worm (D:2)
  2 dart slugs (D:1)
  2 orcs (D:2)
  4 endoplasms
  2 giant cockroaches (D:1)
  8 goblins
  3 hobgoblins (D:1)
  3 jackals (D:1)
  4 quokkas
  6 ball pythons
  5 bats
  3 frilled lizards (D:2)
  2 kobolds (D:1)
  7 rats
52 creatures vanquished.

Notes
Turn   | Place    | Note
-------+----------+-------------------------------------------
     0 | D:1      | xian the Demonspawn Fighter began the quest for the Orb.
     0 | D:1      | Reached XP level 1. HP: 18/18 MP: 1/1
   175 | D:1      | Gained mutation: You have sharp fingernails. [demonic
                  | ancestry]
   175 | D:1      | Reached XP level 2. HP: 22/24 MP: 2/2
   849 | D:1      | Reached XP level 3. HP: 28/29 MP: 3/3
  1919 | D:2      | Found a faded altar of an unknown god.
  2276 | D:3      | Slain by an orc

Illustrated notes

Levels and vault maps discovered:
D:1:      scummos_arrival_checkerplants, layout_basic, chequers_jeans,
          minmay_misc_feat_square
D:2:      layout_rooms, hellmonk_ecumenical_altar_defaced_shrine,
          minmay_bisected
D:3:      layout_loops_ring, gammafunk_temple_overflow_arena, minmay_vboxes

Skill      XL: |  1  2 |
---------------+-------+-----
Long Blades    | 2 |  2.5
Armour         | 3 |  3.2
Shields        | 3 |  3.1
Fighting       | |  3.2
Dodging        | |  0.5
Stealth        | |  0.1

Action                   || total
-------------------------++-------
Melee: Long sword        ||   136
 Fire: Sling             ||    14
  Use: Potion            ||     1
Armor: Scale mail        ||    67
Dodge: Dodged            ||    79
Block: Buckler           ||    45

Table legend: (Time is in decaauts)
 A = Elapsed time spent in this place.
 B = Non-inter-level travel time spent in this place.
 C = Inter-level travel time spent in this place.
 D = Time resting spent in this place.
 E = Time spent auto-exploring this place.
 F = Levels seen in this place.
 G = Mean time per level.
                   A        B        C        D        E       F      G
               +--------+--------+--------+--------+--------+-----+--------+
         Total |   2327 |   2242 |     85 |    262 |   1403 |   3 |  775.7 |
       Dungeon |   2327 |   2242 |     85 |    262 |   1403 |   3 |  775.7 |
               +--------+--------+--------+--------+--------+-----+--------+

Top non-repeatable levels by time:
     D:1: 1426 daAuts
     D:2: 703 daAuts
     D:3: 198 daAuts
